 Dungeon Sprint DCSS version 0.29-a0-352-g0917bc69df (webtiles) character file.

Game seed: 5355942340940773348

730 mhtbhm the Protected (level 7, -4/106 HPs)
             Began as a Minotaur Fighter on Apr 25, 2022.
             Was a Believer of Okawaru.
             Slain by a 15-headed hydra (6 damage)
             ... in the Dungeon (Sprint VII: "The Pits").
             The game lasted 00:01:24 (527 turns).

mhtbhm the Protected (Minotaur Fighter)              Turns: 527, Time: 00:01:25

Health: -4/106     AC: 14    Str: 22    XL:     7   Next: 44%
Magic:  6/6        EV:  9    Int:  5    God:    Okawaru [**....]
Gold:   0          SH:  6    Dex: 10    Spells: 6/6 levels left

rFire   . . .      SeeInvis .   a - +2 hand axe
rCold   . . .      Faith    .   c - +0 buckler
rNeg    . . .      Spirit   .   b - +3 chain mail
rPois   .          Reflect  .   (helmet restricted)
rElec   .          Harm     .   (no cloak)
rCorr   .          Rampage  .   (no gloves)
Will    .....      NoTele   +   (no boots)
Stlth   ..........              (no amulet)
HPRegen 0.27/turn               (no ring)
MPRegen 0.10/turn               (no ring)

@: berserking, very quick
A: horns 2, retaliatory headbutt
a: Renounce Religion, Heroism


You were in the Dungeon.
You worshipped Okawaru.
Okawaru was pleased with you.
You visited 1 branch

Inventory:

Hand Weapons
 a - a +2 hand axe (weapon)
Armour
 b - a +3 chain mail (worn)
 c - a +0 buckler (worn)
Scrolls
 j - a scroll of blinking
 l - 5 scrolls of amnesia
 m - a scroll of summoning
Potions
 d - a potion of might
 e - 4 potions of curing
 f - 4 potions of heal wounds
 g - a potion of haste
 h - 4 potions of magic
 i - 2 potions of berserk rage
 k - 2 potions of invisibility


   Skills:
 + Level 9.9 Fighting
 + Level 9.8 Axes
 + Level 10.9 Armour
 + Level 3.5 Dodging
 + Level 10.2 Shields


You had 6 spell levels left.
You didn't know any spells.
Your spell library was empty.

Dungeon Overview and Level Annotations

Branches:
Dungeon (1/1)

Altars:
Ashenzari
Cheibriados
Dithmenos
Elyvilon
Fedhas
Gozag
Hepliaklqana
Kikubaaqudgha
Makhleb
Nemelex Xobeh
Okawaru
Qazlal
Ru
Sif Muna
Trog
Uskayaw
Vehumet
Wu Jian
Xom
Yredelemnul
Zin
The Shining One
Beogh
Jiyva
Lugonu


Innate Abilities, Weirdness & Mutations

You have a pair of horns on your head.
You reflexively headbutt those who attack you in melee.


Message History

The 12-headed hydra bites you!
The 12-headed hydra bites you but does no damage. x3
The 12-headed hydra bites you! The 12-headed hydra bites you.
The 12-headed hydra barely misses you. The 12-headed hydra closely misses you.
The 12-headed hydra bites you! The 12-headed hydra closely misses you.
The 12-headed hydra barely misses you. You block the 12-headed hydra's attack.
You slice one of the 12-headed hydra's heads off!
The 11-headed hydra grows two more!
You slice the 13-headed hydra!!
The 13-headed hydra is almost dead.
Unknown command.
You slice one of the 13-headed hydra's heads off!
The 12-headed hydra grows two more!
You slash the 14-headed hydra!
The 14-headed hydra is almost dead.
The 14-headed hydra bites you.
The 14-headed hydra barely misses you. x2
The 14-headed hydra bites you. x2
The 14-headed hydra bites you but does no damage.
You block the 14-headed hydra's attack.
The 14-headed hydra bites you but does no damage. x2
You block the 14-headed hydra's attack. The 14-headed hydra bites you.
* * * LOW HITPOINT WARNING * * *
The 14-headed hydra bites you but does no damage.
The 14-headed hydra bites you!
* * * LOW HITPOINT WARNING * * *
The 14-headed hydra closely misses you.
Unknown command.
You barely miss the 14-headed hydra.
The 14-headed hydra is almost dead.
You slice one of the 14-headed hydra's heads off!
The 13-headed hydra grows two more!
You slash the 15-headed hydra! You headbutt the 15-headed hydra.
The 15-headed hydra is almost dead.
The 15-headed hydra bites you!
* * * LOW HITPOINT WARNING * * *
The 15-headed hydra bites you but does no damage.
The 15-headed hydra closely misses you.
The 15-headed hydra bites you but does no damage.
The 15-headed hydra bites you.
* * * LOW HITPOINT WARNING * * *
The 15-headed hydra bites you.
You die...

#.##'#.....##...<...#
#.#........##.......#
#.#........##.......#
#'###########.......#
#...))).# #########
#.†#†#..# ###
#.##)##.# ...#
#.......#+#....#
#.##.##.#@DO...+
#..#.#..#†#Y...#
#.......'.# ...#
########### ###


You could see a 15-headed hydra, a two-headed ogre and a sky beast.

Vanquished Creatures
  A black mamba (D)
  A floating eye (D)
  2 phantoms (D)
  A scorpion (D)
  A gnoll shaman (D)
  5 gnolls (D)
  2 river rats (D)
  3 giant cockroaches (D)
  3 jackals (D)
  A quokka (D)
  A frilled lizard (D)
  3 rats (D)
24 creatures vanquished.

Notes
Turn   | Place    | Note
-------+----------+-------------------------------------------
     0 | D        | mhtbhm the Minotaur Fighter began the quest for the Orb.
     0 | D        | Reached XP level 1. HP: 19/19 MP: 0/0
    23 | D        | Found a bloodstained altar of Trog.
    23 | D        | Found a shimmering blue altar of Sif Muna.
    23 | D        | Found a viscous altar of Jiyva.
    23 | D        | Found a hazy altar of Hepliaklqana.
    23 | D        | Found an opulent altar of Gozag.
    55 | D        | Found a glowing golden altar of the Shining One.
    55 | D        | Found a glowing silver altar of Zin.
    55 | D        | Found a basalt altar of Yredelemnul.
    55 | D        | Found a shimmering altar of Xom.
    55 | D        | Found an ornate altar of the Wu Jian Council.
    55 | D        | Found a sacrificial altar of Ru.
    55 | D        | Found a stormy altar of Qazlal.
    55 | D        | Found an iron altar of Okawaru.
    55 | D        | Found a sparkling altar of Nemelex Xobeh.
    55 | D        | Found a burning altar of Makhleb.
    55 | D        | Found a blossoming altar of Fedhas.
    55 | D        | Found a white marble altar of Elyvilon.
    55 | D        | Found a shadowy altar of Dithmenos.
    55 | D        | Found a snail-covered altar of Cheibriados.
    57 | D        | Found a radiant altar of Vehumet.
    57 | D        | Found a corrupted altar of Lugonu.
    58 | D        | Found a hide-covered altar of Uskayaw.
    58 | D        | Found an ancient bone altar of Kikubaaqudgha.
    58 | D        | Found a broken altar of Ashenzari.
    63 | D        | Became a worshipper of Warmaster Okawaru
   126 | D        | Reached skill level 5 in Armour
   126 | D        | Reached XP level 2. HP: 17/28 MP: 1/1
   240 | D        | Noticed a floating eye
   244 | D        | Paralysed by a floating eye for 4 turns
   251 | D        | Reached skill level 5 in Shields
   255 | D        | Reached skill level 5 in Fighting
   257 | D        | Paralysed by a floating eye for 2 turns
   259 | D        | Killed a floating eye
   259 | D        | Reached * piety under Okawaru
   260 | D        | Reached skill level 1 in Dodging
   260 | D        | Reached XP level 3. HP: 39/39 MP: 2/2
   260 | D        | Reached XP level 4. HP: 47/47 MP: 3/3
   326 | D        | Noticed a phantom
   329 | D        | Noticed a phantom
   341 | D        | Reached XP level 5. HP: 44/52 MP: 4/4
   351 | D        | Killed a phantom
   352 | D        | Reached skill level 5 in Axes
   352 | D        | Killed a phantom
   353 | D        | Reached XP level 6. HP: 48/62 MP: 5/5
   359 | D        | Reached ** piety under Okawaru
   498 | D        | Noticed a black mamba
   510 | D        | Killed a black mamba
   511 | D        | Reached skill level 10 in Armour
   511 | D        | Reached skill level 10 in Shields
   511 | D        | Reached XP level 7. HP: 21/71 MP: 6/6
   513 | D        | Noticed a seven-headed hydra
   513 | D        | Noticed a two-headed ogre
   527 | D        | HP: 2/106 [15-headed hydra (6)]
   527 | D        | Slain by a 15-headed hydra

Illustrated notes

Levels and vault maps discovered:
D:        pitsprint [storerooms_1, entrance_room_1, metal_vault_3, armoury_1,
          mini_pit_1, grid_room_1, main_hall_1, silver_pit, the_coven_3,
          the_vestibule_1, steel_vault_5, golden_pit, hallway_of_sentries,
          crystal_vault_1, iron_vault_1, final_vault]

Skill      XL: |  1  2  3  4  5  6 |
---------------+-------------------+-----
Fighting       | 4 7 8 9 |  9.9
Armour         | 5 7 9 10 | 10.9
Shields        | 4 7 8 10 | 10.2
Axes           | 3 4 6 9 |  9.8
Dodging        | 1 2 3 |  3.5

Action                   |  1- 3 |  4- 6 |  7- 9 || total
-------------------------+-------+-------+-------++-------
Melee: Hand axe          |    29 |    45 |    11 ||    85
       War axe           |     6 |       |       ||     6
       Headbutt          |     1 |     8 |     3 ||    12
  Use: Potion            |       |     2 |     3 ||     5
Armor: Scale mail        |    20 |     3 |       ||    23
       Chain mail        |       |    49 |    12 ||    61
Dodge: Dodged            |    10 |    30 |    13 ||    53
Block: Buckler           |     3 |    24 |     7 ||    34

Table legend: (Time is in decaauts)
 A = Elapsed time spent in this place.
 B = Non-inter-level travel time spent in this place.
 C = Inter-level travel time spent in this place.
 D = Time resting spent in this place.
 E = Time spent auto-exploring this place.
 F = Levels seen in this place.
 G = Mean time per level.
                   A        B        C        D        E       F      G
               +--------+--------+--------+--------+--------+-----+--------+
         Total |    532 |    532 |      0 |    254 |     31 |   1 |  532.0 |
       Dungeon |    532 |    532 |      0 |    254 |     31 |   1 |  532.0 |
               +--------+--------+--------+--------+--------+-----+--------+

Top non-repeatable levels by time:
       D: 532 daAuts
